AoeStats
← twitch.tv/hungarianaoefun

Arabia

505063021Analyzed
1v1 RM · 26d ago on Sep 7, 2026· 34m 29s· 2 players
Game mode
Random Map
Map size
Tiny (2 player)
Population
200
Speed
Normal
Resources
Standard
Victory
Conquest
Starting age
Dark Age
Ending age
Imperial Age
RankedLock teamsTeams togetherTeam positionsShared explorationLock speedFull tech treeHidden civsTurbo modeCheats
Victory
Defeat
1060
+16
🇪🇸 Franks · Spain
1068
-16
twitch.tv/hungarianaoefun
7:33 Loom
10:11 Feudal Age
10:16 Man-at-Arms
10:54 Double-Bit Axe
14:20 Horse Collar
18:13 Wheelbarrow
21:59 Castle Age
20:29 Padded Archer Armor
20:45 Fletching
21:16 Scale Mail Armor
22:08 Crossbowman
23:01 Bodkin Arrow
23:19 Forging
24:36 Leather Archer Armor
25:49 Bow Saw
27:03 Squires
30:31 Ballistics
37:38 Imperial Age
jana
7:30 Loom
10:58 Feudal Age
12:45 Double-Bit Axe
14:21 Forging
15:44 Wheelbarrow
22:06 Castle Age
20:37 Gold Mining
21:33 Padded Archer Armor
22:25 Elite Skirmisher
22:25 Crossbowman
26:09 Leather Archer Armor
25:44 Fletching
33:14 Bow Saw
Connection lost

Rejoining the realm…

Still unreachable

The connection could not be restored.

Session expired

The server has moved on; the page needs a fresh start.